[Event "Titled Tuesday Blitz June 13 Early 2023"]
[White "Rodriguez Santiago, Jaime"]
[Black "Kiseljova, Marya"]
[WhiteFideId "3100898"]
[BlackFideId "4155009"]
[WhiteElo "2025"]
[BlackElo "1831"]
[Result "1-0"]
[Round "7"]
[TimeControl "180+2"]
[Date "2023.06.13"]
[WhiteClock "0:00:14"]
[BlackClock "0:00:00"]
[Board "180"]

1. d4 Nf6 2. c4 e6 3. Nc3 Bb4 4. e3 O-O 5. Bd3 d5 6. Bd2 c5 7. Nge2 cxd4 8. Nxd4 Nc6 9. Nc2 Be7 10. cxd5 Nxd5 11. Nxd5 Qxd5 12. Bc3 Qxg2 13. Rf1 e5 14. Qe2 e4 15. Bc4 Bg4 16. Qd2 Rad8 17. Nd4 Ne5 18. Be2 Bxe2 19. Qxe2 Nf3+ 20. Nxf3 Qxf3 21. Qxf3 exf3 22. Rg1 g6 23. Bd4 b6 24. O-O-O Bd6 25. h4 h5 26. Rg5 Be7 27. Rg3 Bxh4 28. Rxf3 Rc8+ 29. Kb1 Rfd8 30. Rh1 Be7 31. Rg3 Kf8 32. f4 Bc5 33. Bc3 Rd3 34. f5 Rxe3 35. Rg2 Rce8 36. fxg6 fxg6 37. Rxg6 R8e6 38. Rg5 Be7 39. Rgxh5 Bf6 40. Rf1 Ke7 41. Rh7+ Kd6 42. Bxf6 Re1+ 43. Rxe1 Rxe1+ 44. Kc2 Re6 45. Bc3 Re2+ 46. Kb3 Re6 47. Rxa7 Kc6 48. Rh7 Kb5 49. a4+ Kc6 50. Ka3 Re3 51. Rf7 Kd5 52. Rf6 Kc5 53. b4+ Kc4 54. Rc6+ Kd5 55. Rc8 Rf3 56. Kb3 Re3 57. Rd8+ Kc6 58. Rc8+ Kb7 59. Rh8 Kc6 60. Rh6+ Kb7 61. a5 bxa5 62. bxa5 Rd3 63. Kb4 Rg3 64. Rh7+ Ka8 65. Bd4 Rg4 66. Kc5 Rg5+ 67. Kb6 Rg8 68. Ra7+ 1-0


[Site "https://www.chess.com"]

[Event "Titled Tuesday Blitz June 13 Early 2023"]
[White "Al Mukhaini, Shima"]
[Black "Floresvillar Gonzalez, Luis Migu"]
[WhiteFideId "22005854"]
[BlackFideId "5100542"]
[WhiteElo "2253"]
[BlackElo "2040"]
[Result "1-0"]
[Round "7"]
[TimeControl "180+2"]
[Date "2023.06.13"]
[WhiteClock "0:00:17"]
[BlackClock "0:00:00"]
[Board "181"]

1. b3 e6 2. Bb2 d5 3. e3 Nf6 4. f4 c5 5. Nf3 Nc6 6. Bd3 b6 7. O-O a5 8. Bb5 Bd7 9. a3 Na7 10. Bd3 Bb5 11. Bxb5+ Nxb5 12. Nc3 Nd6 13. a4 Be7 14. Ne5 Qc7 15. Qe2 O-O 16. Nb5 Nxb5 17. Qxb5 Ne4 18. d3 Nd6 19. Qc6 Qxc6 20. Nxc6 Bf6 21. Ne5 Rfc8 22. c4 Rd8 23. Rfd1 Rac8 24. Rab1 Kf8 25. Kf2 Ke7 26. Ke2 h5 27. g3 Bxe5 28. Bxe5 f6 29. Bxd6+ Rxd6 30. e4 dxc4 31. bxc4 e5 32. fxe5 fxe5 33. Rf1 Rf8 34. Rxf8 Kxf8 35. Rf1+ Rf6 36. Rf5 Rxf5 37. exf5 Kf7 38. Kf3 Kf6 39. Ke4 g5 40. fxg6 Kxg6 41. Kxe5 Kg5 42. h3 1-0


[Site "https://www.chess.com"]

[Event "Titled Tuesday Blitz June 13 Early 2023"]
[White "Liu, Kelsey"]
[Black "Vianello, Enrico"]
[WhiteFideId "30944481"]
[BlackFideId "810738"]
[WhiteElo "2249"]
[BlackElo "2133"]
[Result "0-1"]
[Round "7"]
[TimeControl "180+2"]
[Date "2023.06.13"]
[WhiteClock "0:00:01"]
[BlackClock "0:00:27"]
[Board "182"]

1. e4 d6 2. d4 Nf6 3. Nc3 e5 4. dxe5 dxe5 5. Qxd8+ Kxd8 6. Bg5 Be6 7. O-O-O+ Nd7 8. Bb5 Kc8 9. f4 exf4 10. Nge2 Bd6 11. Nxf4 Bg4 12. Rdf1 h6 13. Bxf6 Nxf6 14. h3 Bd7 15. Bxd7+ Nxd7 16. Nfd5 Ne5 17. Rf2 a6 18. Rhf1 Kd7 19. Ne2 Rhe8 20. Nd4 f6 21. Nf5 Bf8 22. Nxh6 Nc4 23. Ng4 Re6 24. Rd1 Kc6 25. Nc3 Rae8 26. Rf5 Nd6 27. Nf2 Nxf5 28. exf5 Rd6 29. Nd3 b6 30. Rf1 Rd7 31. Rf4 Bd6 32. Rg4 Be5 33. Nxe5+ Rxe5 34. b3 Kb7 35. Rf4 c5 36. Kb2 b5 37. g4 Rd2 38. h4 b4 39. Na4 Kc6 40. Rc4 Rh2 41. g5 Rxf5 42. gxf6 gxf6 43. a3 a5 44. axb4 axb4 45. Kc1 Rhf2 46. Rg4 R2f4 47. Rg8 Rxh4 48. Rc8+ Kb7 49. Rd8 Rg5 50. Kb2 Rh2 51. Rd5 Rxd5 0-1


[Site "https://www.chess.com"]

[Event "Titled Tuesday Blitz June 13 Early 2023"]
[White "Winslow, Elliott"]
[Black "Lisjak, Zlatko"]
[WhiteFideId "2002523"]
[BlackFideId "14502186"]
[WhiteElo "2045"]
[BlackElo "1998"]
[Result "0-1"]
[Round "7"]
[TimeControl "180+2"]
[Date "2023.06.13"]
[WhiteClock "0:00:39"]
[BlackClock "0:00:52"]
[Board "183"]

1. e4 d6 2. d4 Nf6 3. Nc3 c6 4. Nf3 Bg4 5. h3 Bh5 6. Bg5 Qb6 7. Qd2 h6 8. Be3 Nbd7 9. O-O-O Qc7 10. Bd3 b5 11. g4 Bg6 12. e5 Bxd3 13. exf6 Bh7 14. fxe7 Bxe7 15. Rhe1 Kf8 16. Bf4 Nb6 17. b3 b4 18. Ne4 Nd5 19. Kb1 Bxe4 0-1


[Site "https://www.chess.com"]

[Event "Titled Tuesday Blitz June 13 Early 2023"]
[White "Clawitter, Craig"]
[Black "Kriti Mayur Patel"]
[WhiteFideId "2023105"]
[BlackFideId "35061780"]
[WhiteElo "2240"]
[BlackElo "1306"]
[Result "1/2-1/2"]
[Round "7"]
[TimeControl "180+2"]
[Date "2023.06.13"]
[WhiteClock "0:00:07"]
[BlackClock "0:00:19"]
[Board "184"]

1. e4 e5 2. Nc3 Nf6 3. g3 Bc5 4. Bg2 Nc6 5. Nge2 O-O 6. O-O d6 7. Na4 Bb6 8. d3 Bg4 9. Nxb6 axb6 10. h3 Bh5 11. g4 Bg6 12. f4 exf4 13. Bxf4 Ne5 14. b3 Ra5 15. Ng3 Nfd7 16. d4 Nc6 17. Nf5 Bxf5 18. gxf5 Qh4 19. c3 Nf6 20. Qd2 h6 21. Rae1 Nh5 22. Bh2 Re8 23. a4 b5 24. d5 Ne5 25. c4 bxa4 26. Qxa5 axb3 27. Qxc7 b2 28. Qxd6 Nxc4 29. Qd7 Nf6 30. Qxb7 Nxe4 31. Rxe4 Rxe4 32. Bxe4 Qxe4 33. f6 Nd2 34. Qc8+ Kh7 35. fxg7 Kxg7 36. Qg4+ Qxg4+ 37. hxg4 Nxf1 38. Be5+ Kg6 39. Bxb2 Ne3 40. Kf2 Nxd5 41. Kf3 Nf6 42. Bc1 Nd5 43. Kg3 Ne7 44. Bd2 f5 45. gxf5+ Nxf5+ 46. Kh3 h5 47. Be1 Kg5 48. Kg2 Kg4 49. Kh2 h4 50. Bxh4 1/2-1/2


[Site "https://www.chess.com"]

[Event "Titled Tuesday Blitz June 13 Early 2023"]
[White "Alexanian, Nelli"]
[Black "SicilianPanzer"]
[WhiteFideId "4170539"]
[WhiteElo "2032"]
[BlackElo "2238"]
[Result "0-1"]
[Round "7"]
[TimeControl "180+2"]
[Date "2023.06.13"]
[WhiteClock "0:00:00"]
[BlackClock "0:00:03"]
[Board "185"]

1. d4 Nf6 2. c4 e6 3. Nc3 d5 4. cxd5 exd5 5. Bg5 Be7 6. e3 c6 7. Qc2 a5 8. Bd3 Na6 9. a3 Nc7 10. f4 Ne6 11. Nf3 Nxg5 12. fxg5 Ng4 13. Nd1 Bxg5 14. O-O g6 15. h3 Nh6 16. e4 dxe4 17. Bxe4 O-O 18. Nc3 Be6 19. d5 cxd5 20. Rad1 Be3+ 21. Kh1 d4 22. Nxd4 Bxd4 23. Nb5 Rc8 24. Qa4 Qh4 25. Rxd4 Bxh3 26. Bxg6 Bxg2+ 27. Kxg2 Qg5+ 28. Kh2 hxg6 29. Rg1 Qh5+ 30. Rh4 Qe5+ 31. Kh1 Nf5 32. Rh3 Qd5+ 33. Kh2 Kg7 34. Qg4 Rh8 0-1


[Site "https://www.chess.com"]

[Event "Titled Tuesday Blitz June 13 Early 2023"]
[White "Mishra, Manoj"]
[Black "Necula, Iulian"]
[WhiteFideId "5006007"]
[BlackFideId "1232380"]
[WhiteElo "1847"]
[BlackElo "1790"]
[Result "0-1"]
[Round "7"]
[TimeControl "180+2"]
[Date "2023.06.13"]
[WhiteClock "0:00:00"]
[BlackClock "0:00:38"]
[Board "186"]

1. e4 d6 2. d4 Nf6 3. Bd3 Nbd7 4. f4 e5 5. Nf3 exd4 6. Nxd4 g6 7. O-O Bg7 8. Nc3 O-O 9. f5 Ne5 10. Bg5 h6 11. Bh4 g5 12. Bg3 a6 13. Nf3 Re8 14. Nxe5 dxe5 15. Bc4 Qxd1 16. Raxd1 b5 17. Bd5 Rb8 18. Bc6 Re7 19. Rd8+ Kh7 20. Bf2 b4 21. Bc5 bxc3 22. Bxe7 cxb2 23. Rb1 Ng8 24. Ba3 Rb6 25. Rxb2 Rxc6 26. Rxc8 Rc4 27. Rbb8 Nf6 28. Be7 Nxe4 29. f6 Nxf6 30. Bxf6 Bxf6 31. Ra8 Rxc2 32. Rxa6 Kg7 33. Rb8 e4 34. a4 Bd4+ 35. Kf1 e3 36. Re8 Rf2+ 37. Ke1 Rxg2 38. Rc6 Bb6 39. Kd1 Rxh2 40. Ke1 Ra2 41. Re5 Rxa4 42. Ke2 Ra2+ 43. Kf3 Rf2+ 44. Kg3 e2 45. Rxb6 Rf1 46. Rxe2 cxb6 47. Rb2 Rf6 48. Kg4 Kg6 49. Rb5 h5+ 50. Kg3 h4+ 51. Kg4 Rf4+ 52. Kh3 Rf3+ 53. Kg2 Rg3+ 54. Kh2 f5 55. Rxb6+ Kh5 56. Rb5 Kg4 57. Rb4+ f4 58. Rb5 f3 59. Rb4+ Kh5 60. Rb2 Rg2+ 0-1


[Site "https://www.chess.com"]

[Event "Titled Tuesday Blitz June 13 Early 2023"]
[White "rionelG"]
[Black "Skiadopoulos, Nikolaos"]
[BlackFideId "4200772"]
[WhiteElo "2224"]
[BlackElo "2022"]
[Result "1-0"]
[Round "7"]
[TimeControl "180+2"]
[Date "2023.06.13"]
[WhiteClock "0:01:58"]
[BlackClock "0:01:52"]
[Board "187"]

1. e4 c5 2. g3 b6 3. Bg2 Bb7 4. d3 f5 5. Nd2 Nf6 6. Ngf3 fxe4 7. dxe4 Nxe4 8. Ng5 Nd6 9. Bxb7 Nxb7 10. Qf3 Nd6 11. Qxa8 h6 12. Nge4 Nf7 13. Qd5 e6 14. Qh5 d5 15. Nc3 Be7 16. O-O O-O 17. Qe2 e5 18. Rd1 Nc6 19. Nb3 c4 20. Nxd5 Nd4 21. Nxe7+ Qxe7 22. Nxd4 1-0


[Site "https://www.chess.com"]

[Event "Titled Tuesday Blitz June 13 Early 2023"]
[White "Hartikainen, Jarmo"]
[Black "Porat, Tori"]
[WhiteFideId "503134"]
[BlackFideId "30982626"]
[WhiteElo "2115"]
[BlackElo "1752"]
[Result "1-0"]
[Round "7"]
[TimeControl "180+2"]
[Date "2023.06.13"]
[WhiteClock "0:00:09"]
[BlackClock "0:00:21"]
[Board "188"]

1. e4 c5 2. c3 d5 3. exd5 Qxd5 4. d4 e6 5. Nf3 Nf6 6. Na3 a6 7. Nc4 Qd8 8. dxc5 Qxd1+ 9. Kxd1 Bxc5 10. b4 Bxf2 11. Nd6+ Ke7 12. Bf4 Nd5 13. Ne4 Nxf4 14. Nxf2 Rd8+ 15. Kc2 Nd5 16. a3 Nc6 17. c4 Ne3+ 18. Kc3 Nxf1 19. Rhxf1 f6 20. Ne4 e5 21. Rae1 b5 22. c5 a5 23. Nd6 axb4+ 24. axb4 Ra3+ 25. Kb2 Ra4 26. Kc3 Rxb4 27. Rb1 Rxb1 28. Rxb1 b4+ 29. Kc4 Ba6+ 30. Kd5 Kd7 31. Nd2 Ne7+ 32. Ke4 g6 33. Rxb4 f5+ 34. Kf3 e4+ 35. Kf2 Nc6 36. Rb6 Bc8 37. N2c4 Rf8 38. Nxc8 Rxc8 39. Ke3 Rb8 40. Ne5+ Nxe5 41. Rxb8 Ng4+ 42. Kf4 Nxh2 43. Rb7+ Kc6 44. Rxh7 Kxc5 45. Rxh2 Kd5 46. Rh6 Kd4 47. Rxg6 e3 48. Re6 e2 49. Rxe2 Kd3 50. Re5 Kd2 51. Kxf5 Kd3 52. g4 1-0


[Site "https://www.chess.com"]

[Event "Titled Tuesday Blitz June 13 Early 2023"]
[White "Tsukerman, Julia"]
[Black "Mazarini41"]
[WhiteFideId "2621649"]
[WhiteElo "1667"]
[BlackElo "2523"]
[Result "0-1"]
[Round "7"]
[TimeControl "180+2"]
[Date "2023.06.13"]
[WhiteClock "0:00:28"]
[BlackClock "0:01:14"]
[Board "189"]

1. e4 e6 2. d4 d5 3. Nd2 c5 4. exd5 Qxd5 5. Ngf3 Nf6 6. g3 cxd4 7. Bg2 Nc6 8. O-O Be7 9. Nb3 Qd6 10. Nfxd4 Nxd4 11. Nxd4 a6 12. Be3 O-O 13. c4 Qc7 14. Qb3 Bc5 15. Rad1 Rb8 16. Rfe1 Ng4 17. Bc1 e5 18. h3 Nxf2 19. Kxf2 Bxd4+ 20. Be3 b5 21. Bxd4 bxc4 22. Qc3 exd4 23. Rxd4 Be6 24. Bd5 Bxd5 25. Rxd5 Qb6+ 26. Rd4 Rfd8 27. Rd1 Rxd4 28. Qxd4 Qxb2+ 29. Qxb2 Rxb2+ 30. Kf3 g6 31. Rc1 Rxa2 32. Rxc4 h5 33. Kf4 a5 34. Kg5 Kg7 35. Kf4 a4 0-1


[Site "https://www.chess.com"]

[Event "Titled Tuesday Blitz June 13 Early 2023"]
[White "Pein, Jonathan"]
[Black "Lakshmi C"]
[WhiteFideId "417092"]
[BlackFideId "25035347"]
[WhiteElo "2151"]
[BlackElo "1942"]
[Result "1-0"]
[Round "7"]
[TimeControl "180+2"]
[Date "2023.06.13"]
[WhiteClock "0:00:44"]
[BlackClock "0:00:00"]
[Board "190"]

1. e4 c5 2. Nh3 Nc6 3. f4 e6 4. Nf2 d5 5. d3 b6 6. g3 Bb7 7. Bg2 Qd7 8. O-O O-O-O 9. Nc3 Nge7 10. a3 g6 11. b4 c4 12. exd5 exd5 13. dxc4 dxc4 14. Qxd7+ Rxd7 15. Nce4 Bg7 16. Rb1 Nd4 17. Be3 Nxc2 18. Bd2 Nd4 19. Kh1 b5 20. Bc3 Nef5 21. Ng4 Bxe4 22. Bxe4 Re8 23. Bg2 Ne3 24. Rfe1 Rde7 25. Ne5 Nxg2 26. Kxg2 Bxe5 27. fxe5 Nc6 28. Rf1 Nxe5 29. Bxe5 Rxe5 30. Rxf7 Re2+ 31. Kh3 R8e7 32. Rf6 R7e5 33. Rd1 Rh5+ 34. Kg4 Re4+ 35. Kf3 Ree5 36. Rf8+ Kc7 37. Rf7+ Kc6 38. Rf6+ Kc7 39. Ra6 Rhf5+ 40. Kg4 Kb7 41. Rad6 Re4+ 42. Kh3 Rh5+ 43. Kg2 Re2+ 44. Kf3 Rhxh2 45. Rd7+ Kc8 46. Rd8+ Kc7 47. R1d7+ Kc6 48. Rd6+ Kc7 49. R8d7+ Kc8 50. Rxa7 Kb8 51. Rg7 Rhf2+ 52. Kg4 h5+ 53. Kg5 Re5+ 54. Kxg6 Rf8 55. Rb6+ Ka8 56. Ra6+ Kb8 57. Rd6 Ref5 58. Rdd7 Kc8 59. Rc7+ Kb8 60. Rb7+ Kc8 61. Ra7 Kb8 62. Rgb7+ Kc8 63. Rc7+ Kb8 64. Rh7 1-0


[Site "https://www.chess.com"]

[Event "Titled Tuesday Blitz June 13 Early 2023"]
[White "Omariev, Maksim"]
[Black "Maluco_do_Natal_00"]
[WhiteFideId "4193423"]
[WhiteElo "2366"]
[BlackElo "2069"]
[Result "0-1"]
[Round "7"]
[TimeControl "180+2"]
[Date "2023.06.13"]
[WhiteClock "0:00:44"]
[BlackClock "0:00:11"]
[Board "191"]

1. g4 d5 2. Bg2 c6 3. h3 e5 4. d4 Nd7 5. dxe5 Nxe5 6. Nf3 Bd6 7. b3 Nf6 8. Bb2 Qe7 9. Nbd2 O-O 10. O-O Ng6 11. e3 Rd8 12. Nd4 Nh4 13. Bh1 h6 14. N2f3 Ng6 15. Qd3 Ne4 16. Nd2 Nc5 17. Qe2 Re8 18. Qf3 Nh4 19. Qe2 Qe5 20. N2f3 Nxf3+ 21. Nxf3 Qxb2 22. Nd4 Qxd4 23. exd4 Rxe2 24. dxc5 Bxc5 25. c4 dxc4 26. bxc4 Be6 27. Rae1 Rxe1 28. Rxe1 Bxc4 29. Rc1 b5 30. Bxc6 Rb8 31. a4 a6 32. Kg2 Rc8 33. Bb7 Rc7 34. Bxa6 Bd5+ 35. Kg3 Bd6+ 36. f4 Rxc1 37. axb5 Bc5 38. f5 Rc2 39. h4 Bd6+ 40. Kh3 Bc5 41. g5 Kf8 42. f6 hxg5 43. hxg5 gxf6 44. gxf6 Rf2 45. Kg4 Rxf6 46. Kg5 Rb6 47. Bb7 Ke7 48. Bxd5 Rxb5 49. Bc4 Ra5 50. Bb3 Ra3 51. Bc4 Ra4 52. Bb5 Rd4 53. Bc6 Bd6 54. Bb7 Rb4 55. Bc6 Rb6 56. Ba4 Ra6 57. Bb3 Ra5+ 58. Kh6 f5 59. Kg5 f4+ 60. Kg4 Kf6 61. Bc4 Ke5 62. Bd3 Bc5 63. Bg6 Be3 64. Be8 Ra1 65. Bc6 Rg1+ 66. Kf3 Rg3+ 67. Ke2 Bd4 68. Ba8 Re3+ 69. Kd2 f3 70. Bb7 f2 71. Ba6 Kf4 72. Bf1 Kg3 73. Bc4 Kh2 74. Bf1 Kg1 75. Bb5 f1=Q 76. Bxf1 Kxf1 77. Kc2 Kf2 78. Kd2 Bg7 79. Kd1 Kf3 80. Kd2 Ke4 81. Kc2 Kd4 82. Kd2 Bh6 83. Kd1 Kd3 84. Kc1 Re2+ 85. Kd1 Rd2+ 86. Kc1 Kc3 87. Kb1 Kb3 88. Kc1 Bg5 89. Kb1 Rd1# 0-1


[Site "https://www.chess.com"]

[Event "Titled Tuesday Blitz June 13 Early 2023"]
[White "Freile Martin, Javier"]
[Black "Torres Dominguez, David"]
[WhiteFideId "3600165"]
[BlackFideId "2220857"]
[WhiteElo "2320"]
[BlackElo "1999"]
[Result "1-0"]
[Round "7"]
[TimeControl "180+2"]
[Date "2023.06.13"]
[WhiteClock "0:01:38"]
[BlackClock "0:00:00"]
[Board "192"]

1. c4 e5 2. Nc3 Nc6 3. Nf3 f5 4. e3 e4 5. Nd4 Nxd4 6. exd4 Nf6 7. d3 Bb4 8. Bd2 Bxc3 9. Bxc3 O-O 10. Be2 d5 11. O-O c6 12. f3 Be6 13. fxe4 fxe4 14. dxe4 Nxe4 15. Bd3 Nxc3 16. bxc3 Qh4 17. Qe2 dxc4 18. Qxe6+ Kh8 19. Bxc4 Rfe8 20. Qf5 h6 21. Bd3 g6 22. Qxg6 Re7 23. Rae1 Rae8 24. Qxe8+ Rxe8 25. Rxe8+ Kg7 26. Re4 Qg5 27. h3 Qa5 28. Rg4+ 1-0


[Site "https://www.chess.com"]

[Event "Titled Tuesday Blitz June 13 Early 2023"]
[White "Winkels, Marcel"]
[Black "Slayyy_200"]
[WhiteFideId "1003887"]
[WhiteElo "1900"]
[BlackElo "2033"]
[Result "1-0"]
[Round "7"]
[TimeControl "180+2"]
[Date "2023.06.13"]
[WhiteClock "0:00:40"]
[BlackClock "0:00:04"]
[Board "193"]

1. e4 c5 2. Nf3 Nc6 3. d4 cxd4 4. Nxd4 Nf6 5. Nc3 e5 6. Ndb5 d6 7. Bg5 a6 8. Na3 b5 9. Bxf6 gxf6 10. Nd5 f5 11. c3 Be6 12. exf5 Bxf5 13. Nc2 Bg7 14. Nce3 Bg6 15. h4 h5 16. Bd3 O-O 17. Nf5 e4 18. Bxe4 Re8 19. Qf3 Ne5 20. Qh3 Nd3+ 21. Qxd3 Bxf5 22. f3 Re5 23. O-O-O Bxe4 24. fxe4 Rc8 25. Ne3 Rc6 26. Nf5 Re6 27. Rhf1 Qc7 28. a3 Bxc3 29. Kb1 Be5 30. Qd2 Rg6 31. Nh6+ Kg7 32. Rxf7+ Qxf7 33. Nxf7 Kxf7 34. Rf1+ Kg7 35. Qd5 Rc7 36. Rc1 Rxc1+ 37. Kxc1 Rxg2 38. b4 Bb2+ 39. Kd1 Bc3 40. Qxd6 Rg1+ 41. Kc2 Bf6 42. Qd7+ Kg6 43. Qf5+ Kf7 44. Qxh5+ Ke6 45. Qd5+ Ke7 46. e5 Bxh4 47. Qc5+ Ke6 48. Qxg1 Kxe5 49. Qg4 Bf6 50. Qc8 Kd5 51. Qxa6 1-0


[Site "https://www.chess.com"]

[Event "Titled Tuesday Blitz June 13 Early 2023"]
[White "Carlsen, Magnus"]
[Black "Caruana, Fabiano"]
[WhiteFideId "1503014"]
[BlackFideId "2020009"]
[WhiteElo "2858"]
[BlackElo "2832"]
[Result "1/2-1/2"]
[Round "8"]
[TimeControl "180+2"]
[Date "2023.06.13"]
[WhiteClock "0:00:07"]
[BlackClock "0:00:08"]
[Board "1"]

1. e4 e5 2. Nf3 Nc6 3. Bb5 a6 4. Ba4 Nf6 5. O-O b5 6. Bb3 Bc5 7. c3 d6 8. a4 Rb8 9. d4 Bb6 10. axb5 axb5 11. h3 Bb7 12. Re1 O-O 13. Be3 exd4 14. cxd4 Nb4 15. d5 Bxe3 16. Rxe3 c5 17. dxc6 Nxc6 18. Nc3 Ne5 19. Nd4 b4 20. Nd5 Nxd5 21. exd5 Qf6 22. Ra7 Ba8 23. Qd2 Rbc8 24. Ra6 Rc5 25. Nc6 Nxc6 26. dxc6 Bxc6 27. Rd3 Qg6 28. Rg3 Qf6 29. Kh2 h5 30. Rb6 Qe5 31. Rxb4 Rb5 32. Rxb5 Bxb5 33. h4 Bd7 34. Kg1 Bg4 35. Re3 Qf6 36. g3 Rb8 37. Qc3 Qxc3 38. Rxc3 d5 39. Bxd5 Rxb2 40. Rc7 Be6 41. Bxe6 fxe6 42. Rc5 g6 43. Rc7 e5 44. Kg2 e4 45. Re7 Rb4 46. Kf1 Ra4 47. Ke2 Ra3 48. Rxe4 Kg7 49. Re3 Ra4 50. Kf3 Ra2 51. Re7+ Kf6 52. Re2 Ra3+ 53. Kf4 Ra4+ 54. Re4 Ra2 55. f3 Rh2 56. Rb4 Rg2 57. Rb6+ Kg7 58. g4 hxg4 59. fxg4 Ra2 60. Rb7+ Kf6 61. Rb6+ Kg7 62. Re6 Ra4+ 63. Re4 Ra7 64. Re5 Kf6 65. Rd5 Ra4+ 66. Kf3 Ra3+ 67. Ke4 Ra4+ 68. Rd4 Ra7 69. Rd6+ Kg7 70. Ke5 Ra5+ 71. Ke6 Ra4 72. Rd7+ Kg8 73. g5 Rxh4 74. Kf6 Ra4 75. Rd8+ Kh7 76. Rd7+ Kg8 77. Rd6 Kh7 78. Rd7+ Kg8 1/2-1/2


[Site "https://www.chess.com"]

[Event "Titled Tuesday Blitz June 13 Early 2023"]
[White "Nakamura, Hikaru"]
[Black "Madaminov, Mukhiddin"]
[WhiteFideId "2016192"]
[BlackFideId "14210703"]
[WhiteElo "2874"]
[BlackElo "2511"]
[Result "1-0"]
[Round "8"]
[TimeControl "180+2"]
[Date "2023.06.13"]
[WhiteClock "0:00:24"]
[BlackClock "0:00:00"]
[Board "2"]

1. Nf3 Nf6 2. b3 g6 3. Bb2 Bg7 4. d4 O-O 5. e3 b6 6. c4 Bb7 7. Be2 d6 8. Qc2 Nbd7 9. Nc3 a6 10. O-O c5 11. Rad1 cxd4 12. Nxd4 Qc7 13. Qb1 Rfc8 14. Qa1 Nc5 15. Bf3 Bxf3 16. Nxf3 Qb7 17. Nd5 Ne8 18. Bxg7 Nxg7 19. e4 b5 20. e5 dxe5 21. Qxe5 Nce6 22. Qe4 Rab8 23. Ne5 bxc4 24. Nxc4 Nf5 25. Na5 Qb5 26. g4 Ng5 27. Qd3 e6 28. Nf6+ Kg7 29. Nd7 Qxd3 30. Rxd3 Rb5 31. Nc4 Nh4 32. f4 Ne4 33. Nde5 Rd5 34. Rfd1 Rcd8 35. Rxd5 Rxd5 36. Rxd5 exd5 37. Ne3 f6 38. Nd3 Nc3 39. Kf2 Ne4+ 40. Ke2 Nc3+ 41. Kd2 d4 42. Ne1 Nxa2 43. N3c2 g5 44. f5 h5 45. h3 hxg4 46. hxg4 Nc3 47. Nxd4 Ne4+ 48. Ke3 Nd6 49. Kf2 Ne4+ 50. Ke2 Nd6 51. Ke3 Kf7 52. b4 Nc4+ 53. Kf2 Ne5 54. Kg3 Nc4 55. Nd3 Nd2 56. Nc5 Ke7 57. Nxa6 Ne4+ 58. Kh2 1-0


[Site "https://www.chess.com"]

[Event "Titled Tuesday Blitz June 13 Early 2023"]
[White "Lintchevski, Daniil"]
[Black "Paravyan, David"]
[WhiteFideId "4171055"]
[BlackFideId "4194985"]
[WhiteElo "2559"]
[BlackElo "2563"]
[Result "1/2-1/2"]
[Round "8"]
[TimeControl "180+2"]
[Date "2023.06.13"]
[WhiteClock "0:00:23"]
[BlackClock "0:00:34"]
[Board "3"]

1. e4 e5 2. Nf3 Nf6 3. Nc3 Nc6 4. d4 exd4 5. Nxd4 Bb4 6. Nxc6 bxc6 7. Bd3 O-O 8. O-O d5 9. exd5 Bg4 10. f3 Bh5 11. dxc6 Qd4+ 12. Kh1 Bxc3 13. bxc3 Qxc3 14. Rb1 Bg6 15. Rb3 Qxc6 16. Bb2 Bxd3 17. Rxd3 Rab8 18. Bd4 Rfe8 19. Rc3 Qb5 20. Bxf6 gxf6 21. Rxc7 Rbd8 22. Qb1 Qxb1 23. Rxb1 Re2 24. a4 Rdd2 25. Rxa7 Rxg2 26. Rg1 Rxg1+ 27. Kxg1 Rxc2 28. Rb7 Ra2 29. Rb4 Kg7 30. Rg4+ Kh6 31. Rf4 Kg5 32. Rg4+ Kh5 33. Rf4 Kg6 34. Rg4+ Kf5 35. Rh4 Kg6 36. Rg4+ Kf5 37. Rh4 Kg6 38. Rg4+ 1/2-1/2


[Site "https://www.chess.com"]

[Event "Titled Tuesday Blitz June 13 Early 2023"]
[White "Zhigalko, Sergei"]
[Black "Dubov, Daniil"]
[WhiteFideId "13502956"]
[BlackFideId "24126055"]
[WhiteElo "2626"]
[BlackElo "2793"]
[Result "0-1"]
[Round "8"]
[TimeControl "180+2"]
[Date "2023.06.13"]
[WhiteClock "0:00:00"]
[BlackClock "0:00:06"]
[Board "4"]

1. e4 e5 2. Nf3 Nc6 3. Bc4 Nf6 4. d3 Be7 5. O-O O-O 6. Nbd2 d6 7. c3 h6 8. Re1 Re8 9. Nf1 Bf8 10. Ng3 Na5 11. Bb5 c6 12. Ba4 b5 13. Bc2 c5 14. h3 Nc6 15. d4 cxd4 16. cxd4 Bd7 17. Be3 a5 18. Rc1 exd4 19. Nxd4 Ne5 20. b3 Rc8 21. Qd2 a4 22. f4 Ng6 23. Bd3 Rxc1 24. Rxc1 axb3 25. axb3 Qa8 26. Nxb5 Rb8 27. Nc7 Qb7 28. Bc4 Bc6 29. Nd5 Bxd5 30. exd5 Re8 31. Kh2 h5 32. Bd4 h4 33. Nf5 Ne4 34. Qe3 Qd7 35. g4 hxg3+ 36. Nxg3 Ng5 37. fxg5 Rxe3 38. Bxe3 Ne5 39. Be2 Qb7 40. Rb1 Qb4 41. Bg1 Qd2 42. Rf1 Qb2 43. b4 Qxb4 44. Nf5 Qd2 45. Ng3 Qxg5 46. Bd4 Qd2 47. Bf2 Qxd5 48. Be3 Qb3 49. Bf4 Ng6 50. Bd2 d5 51. Rd1 Bd6 52. Be1 Qe3 53. Bf1 Nh4 54. Rd3 Qxe1 55. Bg2 Qf2 0-1


[Site "https://www.chess.com"]

[Event "Titled Tuesday Blitz June 13 Early 2023"]
[White "Sadhwani, Raunak"]
[Black "Keymer, Vincent"]
[WhiteFideId "35093487"]
[BlackFideId "12940690"]
[WhiteElo "2631"]
[BlackElo "2669"]
[Result "0-1"]
[Round "8"]
[TimeControl "180+2"]
[Date "2023.06.13"]
[WhiteClock "0:00:00"]
[BlackClock "0:00:13"]
[Board "5"]

1. e4 c6 2. d4 d5 3. e5 Bf5 4. Nf3 e6 5. Be2 c5 6. O-O Nc6 7. Be3 cxd4 8. Nxd4 Nxd4 9. Bxd4 Ne7 10. c3 Nc6 11. Qb3 Qc7 12. Nd2 Be7 13. f4 O-O 14. Be3 Bg6 15. Nf3 Be4 16. Nd2 Bg6 17. Nf3 Na5 18. Qd1 Nc4 19. Bxc4 Qxc4 20. Bd4 b5 21. Nd2 Qc6 22. a3 a5 23. g4 Bd3 24. Rf3 Be4 25. Nxe4 dxe4 26. Rh3 Rfd8 27. g5 g6 28. Qe1 b4 29. Re3 bxc3 30. bxc3 Rab8 31. Rxe4 a4 32. Re2 Rb3 33. Qf2 Rxa3 34. Rf1 Rb3 35. Qg2 Qxg2+ 36. Kxg2 a3 37. Rff2 Kf8 38. Rc2 Ke8 39. Kf3 Kd7 40. Ke4 Kc6 41. Rfd2 Ra8 42. c4 Ra4 43. Re2 Rbb4 44. Kd3 Rb3+ 45. Ke4 Bc5 46. Bxc5 Kxc5 47. Red2 Rxc4+ 48. Rxc4+ Kxc4 49. Rd7 a2 0-1


[Site "https://www.chess.com"]

[Event "Titled Tuesday Blitz June 13 Early 2023"]
[White "Lazavik, Denis"]
[Black "Babazada, Khazar"]
[WhiteFideId "13515110"]
[BlackFideId "13413554"]
[WhiteElo "2560"]
[BlackElo "2369"]
[Result "1-0"]
[Round "8"]
[TimeControl "180+2"]
[Date "2023.06.13"]
[WhiteClock "0:00:13"]
[BlackClock "0:00:05"]
[Board "6"]

1. d4 d5 2. c4 c6 3. Nf3 Nf6 4. Qc2 dxc4 5. Qxc4 Bf5 6. g3 e6 7. Bg2 Nbd7 8. O-O h6 9. Qb3 Qb6 10. Nbd2 Be7 11. Nc4 Qa6 12. Bf4 O-O 13. Bd6 Bxd6 14. Nxd6 Nb6 15. Nxf5 exf5 16. e3 Qc4 17. Qxc4 Nxc4 18. b3 Nd6 19. Ne5 Nd5 20. Rfc1 Rfc8 21. Nd3 Nf6 22. Kf1 Kf8 23. Ke2 Ke7 24. a3 g5 25. Rh1 Nde4 26. Rac1 h5 27. h4 g4 28. Nf4 Nd6 29. Rc5 a5 30. a4 Kf8 31. Rhc1 Kg7 32. Ke1 Ra6 33. Bf1 Rb6 34. Rb1 Kh6 35. Bd3 Nde4 36. Bxe4 fxe4 37. Rxa5 Nd5 38. Kd2 Rd8 39. Rc5 Nxf4 40. gxf4 Ra8 41. Kc2 Kg6 42. Rg5+ Kh6 43. Rd1 f6 44. Rc5 Kg6 45. d5 cxd5 46. Rdxd5 Raa6 47. Rxh5 Rd6 48. Rhd5 Rdc6 49. h5+ Kh6 50. Kc3 Rxc5+ 51. Rxc5 Rd6 52. Rf5 Rd3+ 53. Kc4 Rd2 54. Rxf6+ Kxh5 55. Rf8 Rxf2 56. Rh8+ Kg6 57. Kd4 Rb2 58. Kxe4 Rxb3 59. Rg8+ Kf6 60. Rxg4 Rb4+ 61. Kf3 Rxa4 62. Rh4 b5 63. Rh6+ Kf7 64. Rb6 Rb4 65. e4 Ke7 66. e5 Rb1 67. Ke4 b4 68. Kf5 b3 69. Rb7+ Kd8 70. Ke6 b2 71. f5 Kc8 72. Rb3 Kc7 73. f6 Kc6 74. f7 1-0


[Site "https://www.chess.com"]